 Dungeon Crawl Stone Soup version 0.19-a0-585-ge40200b (webtiles) character file.

135 Delvonshi the Charmwright (level 4, -4/34 HPs)
             Began as a Vampire Skald on June 10, 2016.
             Killed by divine providence
             ... invoked by an orc priest
              (15 damage)
             ... on level 4 of the Dungeon.
             The game lasted 00:08:47 (3240 turns).

Delvonshi the Charmwright (Vampire Skald)           Turns: 3240, Time: 00:08:47

Health: -4/34      AC:  3    Str: 11    XL:     4   Next: 97%
Magic:  2/7        EV: 12    Int: 14    God:
Gold:   143        SH:  0    Dex: 14    Spells: 3 memorised, 1 level left

rFire  . . .     SeeInvis +     a - +0 short sword
rCold  . . .     Gourm    .     b - +0 leather armour
rNeg   + . .     Faith    +     (no shield)
rPois  .         Spirit   .     (no helmet)
rElec  .         Dismiss  .     (no cloak)
rCorr  .         Reflect  .     (no gloves)
SustAt .         Harm     .     (no boots)
MR     .....                    k - amulet of faith
Stlth  ++........               (no ring)
                                (no ring)

@: shrouded, not resistant to hostile enchantments, unstealthy
A: fangs 3, see invisible, unbreathing
a: Bat Form


You were on level 4 of the Dungeon.
You were not thirsty.

You visited 1 branch of the dungeon, and saw 4 of its levels.

You collected 143 gold pieces.

Inventory:

Hand Weapons
 a - a +0 short sword (weapon)
Armour
 b - a +0 leather armour (worn)
 h - a +2 chain mail of magic resistance
Jewellery
 k - an amulet of faith (around neck)
Scrolls
 j - a scroll of fear {unknown}
 l - 2 scrolls of remove curse
 o - 2 scrolls of identify {unknown}
 p - 5 scrolls of enchant armour {unknown}
 s - a scroll of noise {unknown}
Potions
 d - 2 potions of blood
 e - a potion of curing
 f - a potion of cancellation {unknown}
 g - a potion of resistance {unknown}
 i - 2 potions of might {unknown}
 m - a potion of haste {unknown}
 n - a potion of brilliance {unknown}
 q - a potion of agility {unknown}
 r - a potion of degeneration {unknown}
 t - a potion of mutation {unknown}
Books
 c - a book of Battle

   Spells                             Type                      Level
   a - Infusion                       Charms                       1
   b - Shroud of Golubria             Charms/Translocation         2
   c - Song of Slaying                Charms                       2
   d - Spectral Weapon                Hexes/Charms                 3
   e - Regeneration                   Charms/Necromancy            3


   Skills:
 + Level 2.5 Fighting
 + Level 3.1 Short Blades
 - Level 0.7 Armour
 + Level 2.5 Dodging
 + Level 3.1 Stealth
 - Level 2.0 Spellcasting
 + Level 2.0 Hexes
 - Level 3.6 Charms


You had one spell level left.
You knew the following spells:

 Your Spells              Type           Power        Failure   Level  Hunger
a - Infusion              Chrm           ##..         10%         1    ##.....
b - Spectral Weapon       Hex/Chrm       #.......     34%         3    ####...
c - Shroud of Golubria    Chrm/Tloc      #.........   24%         2    ###....


Dungeon Overview and Level Annotations

Branches:
Dungeon (4/15)
 Temple: D:4-7

Altars:
Nemelex Xobeh
Pakellas
Sif Muna


Innate Abilities, Weirdness & Mutations

You have razor-sharp teeth.
You have supernaturally acute eyesight. (SInv)
You can survive without breathing.


Message History

Casting: Shroud of Golubria
Confirm with . or Enter, or press ? or * to list all spells.
You renew your shroud.
The orc priest hits you with a hand axe.
You hit the orc priest.
You bite the orc priest, but do no damage.
The orc priest is moderately wounded.
Your shroud bends the orc wizard's attack away.
The orc priest mumbles some strange prayers to Beogh against you.
You barely resist. You hit the orc priest.
The orc priest is moderately wounded.
The orc priest invokes the aid of Beogh against you.
Beogh smites you!
* * * LOW HITPOINT WARNING * * *
The orc wizard barely misses you. The orc priest closely misses you.
It was a potion of curing.
You feel better.
The orc priest calls down the wrath of Beogh upon you.
Beogh smites you!
You die...

... #.#.# ..... #...#####
......##......## ######
.........>.....# #....#
......##.#.....# #.##.#
....o.o#.......# #.#..##
......#........# #......
.......o##.....######.##.
.......o@.........# #.##.
######.o##...%.##.# #.##.
#..##.....##.# #<##.
##.##.....##.# ####.
#..###.#####.####.(.
######.....#.#.#%...
#...######.#.#....#.
#........#.#.#.#.##.
#........#.#.#.#....


You could see 2 orc priests, an orc wizard and 2 orcs.

Vanquished Creatures
  Jessica (D:2)
  5 adders
  A worm (D:3)
  2 dart slugs
  A giant gecko (D:2)
  3 orcs (D:3)
  6 bats
  4 giant cockroaches
  5 goblins
  A hobgoblin (D:1)
  3 jackals (D:2)
  2 quokkas
  6 giant newts
  6 kobolds
  15 rats
61 creatures vanquished.

Notes
Turn   | Place    | Note
--------------------------------------------------------------
     0 | D:1      | Delvonshi the Vampire Skald began the quest for the Orb.
     0 | D:1      | Reached XP level 1. HP: 16/16 MP: 3/3
    59 | D:1      | Reached skill level 1 in Stealth
    84 | D:1      | Reached XP level 2. HP: 17/22 MP: 5/5
   845 | D:1      | Reached XP level 3. HP: 12/27 MP: 6/6
  1188 | D:2      | Learned a level 3 spell: Spectral Weapon
  1543 | D:2      | Found a deep blue altar of Sif Muna.
  1870 | D:2      | Reached skill level 1 in Hexes
  1870 | D:2      | Reached XP level 4. HP: 11/33 MP: 7/7
  2070 | D:2      | Found a sparkling altar of Nemelex Xobeh.
  2070 | D:2      | Noticed Jessica
  2085 | D:2      | Killed Jessica
  2662 | D:2      | Learned a level 2 spell: Shroud of Golubria
  2864 | D:3      | Found an oddly glowing altar of Pakellas.
  3240 | D:4      | Killed from afar by an orc priest

Vault maps used:
D:1:      erik_arrival_orb_chamber, minmay_misc_feat_plants
D:2:      lemuel_blue_sif_altar, nemelex_lonely_heart_becter
D:3:      overflow_temple_1_default
D:4:      chequers_ossuary_entry_cave, first_bread, serial_shops,
          nicolae_shop_waterfront

Skill      XL: |  1  2  3  4 |
---------------+-------------+-----
Stealth        | 1 2 3 |  3.1
Fighting       | 2 |  2.5
Dodging        | 2 |  2.5
Hexes          | 1 2 |  2.0
Short Blades   | 3 |  3.1
Armour         | |  0.7
Spellcasting   | |  2.0
Charms         | |  3.6

Action                   |  1- 3 |  4- 6 || total
-------------------------+-------+-------++-------
Melee: Short sword       |   131 |    66 ||   197
       Bite              |    13 |     9 ||    22
 Cast: Infusion          |     6 |     3 ||     9
       Shroud of Golubri |       |     3 ||     3
       Spectral Weapon   |       |     3 ||     3
  Use: Scroll            |       |     1 ||     1
       Potion            |       |     1 ||     1
 Stab: Sleeping          |     2 |     3 ||     5
  Eat: Corpse            |     8 |     4 ||    12
Armor: Leather armour    |    27 |    27 ||    54
Dodge: Dodged            |    93 |    43 ||   136
